 Dungeon Crawl Stone Soup version 0.20.1 (webtiles) character file.

181 VajrapaniSR the Ruffian (level 5, -3/50 HPs)
             Began as a Troll Monk on July 2, 2017.
             Killed from afar by Pikel (11 damage)
             ... with a wand of lightning (?/15)
             ... on level 4 of the Dungeon.
             The game lasted 00:04:03 (471 turns).

VajrapaniSR the Ruffian (Troll Monk)                 Turns: 471, Time: 00:04:04

Health: -3/50      AC:  6    Str: 20    XL:     5   Next: 34%
Magic:  4/4        EV: 10    Int:  6    God:
Gold:   65         SH:  0    Dex: 12    Spells: 4/4 levels left

rFire    . . .     SeeInvis .     - Unarmed
rCold    . . .     Gourm    +   (no shield)
rNeg     . . .     Faith    .   a - +0 robe
rPois    .         Spirit   .   h - +1 hat {MR+}
rElec    .         Reflect  .   (no cloak)
rCorr    .         Harm     .   (gloves unavailable)
MR       +....                  (boots unavailable)
Stlth    ++........             (no amulet)
Regen    0.6/turn               (no ring)
MPRegen  0.1/turn               (no ring)

@: no status effects
A: unfitting armour, claws 3, fast metabolism 3, gourmand, regeneration 1,
shaggy fur 1, tough skin 2
a: no special abilities


You were on level 4 of the Dungeon.
You were not hungry.

You visited 1 branch of the dungeon, and saw 5 of its levels.

You collected 65 gold pieces.

Inventory:

Missiles
 d - 3 large rocks (quivered)
Armour
 a - a +0 robe (worn)
 h - a +1 hat of magic resistance (worn)
Scrolls
 e - a scroll of immolation {unknown}
 f - a scroll of identify {unknown}
 g - a scroll of magic mapping
Comestibles
 b - 2 bread rations


   Skills:
 - Level 2.4 Fighting
 - Level 2.4 Dodging
 - Level 1.0 Stealth
 + Level 6.1 Unarmed Combat


You had 4 spell levels left.
You didn't know any spells.

Dungeon Overview and Level Annotations

Branches:
Dungeon (5/15)
 Temple: D:4-7

Altars:

Annotations:
D:4 Pikel
D:5 Sunburn's ghost, amateur OgFE


Innate Abilities, Weirdness & Mutations

You are too large for most types of armour.
You have claws for hands.
Your metabolism is lightning-fast.
You like to eat raw meat.
Your natural rate of healing is unusually fast.
You are covered in fur. (AC +1)
You have very tough skin. (AC +2)


Message History

That felt strangely unrewarding.
Pikel hits you with a whip of flaming. Pikel burns you.
Things that are here:
an animal skin; a human corpse You take 5 damage, and have 45/50 hp.
You claw Pikel! Pikel hits you with a whip of flaming. Pikel burns you.
You take 7 damage, and have 38/50 hp.
You claw Pikel! Pikel barely misses you.
You scratch Pikel. Pikel closely misses you.
You scratch Pikel. Pikel hits you with a whip of flaming. Pikel burns you.
You take 8 damage, and have 31/50 hp.
You are too injured to fight recklessly!
You are too injured to fight recklessly!
You are too injured to fight recklessly!
You are too injured to fight recklessly!
You scratch Pikel but do no damage.
Pikel zaps a wand.
The bolt of lightning hits you!
* * * LOW HITPOINT WARNING * * *
The bolt of lightning hits you!
You die...

***,##..p....##.......#
***,*##.....######.####
,,,,* ##...## #.# *****
##p## #.#
*########.###### #.#
*#.............# #.#
*#.#####..<....# #.#
*#.##.K........###.#
##.##.#.......pK@..#
...K..##.......#####
##.#####..###### #.#
#..# #.#***#..#
#..,,,...# ###****#.#
******,**********
*,,,,,,,,,,,,,,,*


You could see Pikel and a slave.

Vanquished Creatures
  An ogre (D:4)
  3 slaves
  An orc priest (D:3)
  An orc wizard (D:3)
  An adder (D:3)
  A worm (D:3)
  A dart slug (D:1)
  2 orcs (D:3)
  A bat (D:1)
  A goblin (D:1)
  A hobgoblin (D:2)
  3 jackals (D:3)
  2 quokkas
  2 frilled lizards (D:2)
  A kobold (D:3)
22 creatures vanquished.

Notes
Turn   | Place    | Note
-------+----------+-------------------------------------------
     0 | D:1      | VajrapaniSR the Troll Monk began the quest for the Orb.
     0 | D:1      | Reached XP level 1. HP: 22/22 MP: 0/0
    90 | D:2      | Reached XP level 2. HP: 29/29 MP: 1/1
   120 | D:3      | Reached skill level 4 in Unarmed Combat
   120 | D:3      | Reached XP level 3. HP: 26/36 MP: 2/2
   147 | D:3      | Reached skill level 5 in Unarmed Combat
   147 | D:3      | Reached XP level 4. HP: 37/44 MP: 3/3
   323 | D:4      | Noticed an ogre
   332 | D:4      | Killed an ogre
   332 | D:4      | Reached skill level 6 in Unarmed Combat
   332 | D:4      | Reached XP level 5. HP: 26/50 MP: 4/4
   340 | D:4      | Noticed a slave
   341 | D:4      | Noticed a slave
   342 | D:4      | Noticed Pikel
   347 | D:5      | Entered Level 5 of the Dungeon
   347 | D:5      | Noticed Sunburn's ghost (amateur OgFE)
   357 | D:4      | Killed a slave
   375 | D:4      | Noticed a slave
   392 | D:4      | Noticed a slave
   406 | D:3      | Killed a slave
   465 | D:4      | Killed a slave
   471 | D:4      | Killed from afar by Pikel

Skill      XL: |  1  2  3  4 |
---------------+-------------+-----
Unarmed Combat | 4 5 6 |  6.1
Fighting       | |  2.4
Dodging        | |  2.4
Stealth        | |  1.0

Action                   |  1- 3 |  4- 6 || total
-------------------------+-------+-------++-------
Melee: Unarmed           |    29 |    46 ||    75
       Punch             |     1 |       ||     1
Throw: Large rock        |       |     1 ||     1
  Use: Scroll            |       |     1 ||     1
       Potion            |       |     1 ||     1
 Stab: Sleeping          |     1 |     2 ||     3
  Eat: Chunk             |     3 |       ||     3
Armor: Robe              |    15 |    13 ||    28
Dodge: Dodged            |     9 |    26 ||    35
